 Dungeon Crawl Stone Soup version 0.28-a0-476-g0f06bd746f (webtiles) character file.

Game seed: 3610244992289073009

124695 freelancePsychic the Arsonist (level 16, 0/125 HPs)
             Began as a Demonspawn Summoner on Sept 16, 2021.
             Was a High Priest of Ashenzari.
             Succumbed to a wolf spider's poison
             ... on level 1 of the Spider Nest.
             The game lasted 01:07:35 (37112 turns).

freelancePsychic the Arsonist (DsSu)               Turns: 37112, Time: 01:07:35

Health: 0/125      AC: 13    Str:  9    XL:     16   Next: 39%
Magic:  0/32       EV: 15    Int: 29    God:    Ashenzari [*****.]
Gold:   3443       SH:  6    Dex: 14    Spells: 5/39 levels left

rFire   + + .      SeeInvis +   s - +1 dagger "Perceptive Anarchy" {speed, Range, Self} (curse)
rCold   . . .      Faith    .   n - +0 buckler of the Eye in the Sky {Alch, Bglg} (curse)
rNeg    . . .      Spirit   +   t - +2 robe of the Chained Yoke {Archmagi, Elem, Range} (curse)
rPois   .          Reflect  .   Z - +0 helmet "Suownoca" {rF++ Slay-5 Stlth+}
rElec   .          Harm     .   p - +1 cloak of Supernal Knowledge {Cun, Bglg} (curse)
rCorr   .          Rampage  .   (gloves unavailable)
Will    +....      Archmagi +   (no boots) Stlth ++++......Clarity +
                                f - amulet "Repose of the Welkin" {Spirit, Fort, Range} (curse)
HPRegen 0.30/turn               b - ring "Chained With Me" {Int+6, Alch, Evo} (curse)
MPRegen 0.23/turn               d - ring of the Restrained Sun {AC+4, Cun, Elem} (curse)

@: lethally poisoned (0 -> -26), unable to drink
A: no potions, claws 3, spiny 3, sharp scales 2
a: Renounce Religion, Curse Item, Shatter the Chains


You were on level 1 of the Spider Nest.
You worshipped Ashenzari.
Ashenzari was extremely pleased with you.
You visited 4 branches of the dungeon, and saw 25 of its levels.
You also visited: Sewer.

You collected 3563 gold pieces.
You spent 120 gold pieces at shops.

Inventory:

Hand Weapons
 m - a +0 trident
 s - the cursed +1 dagger "Perceptive Anarchy" (weapon) {speed, Range, Self}
   (You took it off an orc wizard on level 4 of the Dungeon)

   Attacks with this weapon are significantly faster.
   It has a curse which improves the following skills: Ranged Combat: Slings,
   Bows, Crossbows and Throwing.
   Introspection: Fighting and Spellcasting.
 G - a +0 dagger of electrocution
Armour
 n - the cursed +0 buckler of the Eye in the Sky (worn) {Alch, Bglg}
   (You took it off a tengu warrior on level 14 of the Dungeon)

   It has a curse which improves the following skills: Alchemy: Poison Magic and
   Transmutations.
   Beguiling: Conjurations, Hexes and Translocations.
 p - the cursed +1 cloak of Supernal Knowledge (worn) {Cun, Bglg}
   (You took it off Crazy Yiuf on level 4 of the Dungeon)

   It has a curse which improves the following skills: Cunning: Dodging and
   Stealth.
   Beguiling: Conjurations, Hexes and Translocations.
 t - the cursed +2 robe of the Chained Yoke (worn) {Archmagi, Elem, Range}
   (You took it off an orc wizard on level 4 of the Dungeon)

   It has a curse which improves the following skills: Elements: Fire Magic, Ice
   Magic, Air Magic and Earth Magic.
   Ranged Combat: Slings, Bows, Crossbows and Throwing.
 I - the +3 ring mail of Leaves {rC+ Str+2}
   (You found it on level 10 of the Dungeon)

   Str:       It affects your strength (+2).
   rC:        It protects you from cold.
 W - a +0 kite shield
 Z - the +0 helmet "Suownoca" (worn) {rF++ Slay-5 Stlth+}
   (You found it on level 14 of the Dungeon)

   Slay:      It affects your accuracy & damage with ranged weapons and melee
   (-5).
   rF:        It greatly protects you from fire.
   Stlth:     It makes you more stealthy.
Magical Staves
 F - a staff of air
Jewellery
 b - the cursed ring "Chained With Me" (left claw) {Int+6, Alch, Evo}
   (You found it on level 3 of the Dungeon)

   [ring of intelligence]

   Int:       It affects your intelligence (+6).
   It has a curse which improves the following skills: Alchemy: Poison Magic and
   Transmutations.
   Evocations: Evocations.
 d - the cursed ring of the Restrained Sun (right claw) {AC+4, Cun, Elem}
   (You found it on level 5 of the Dungeon)

   [ring of protection]

   AC:        It affects your AC (+4).
   It has a curse which improves the following skills: Cunning: Dodging and
   Stealth.
   Elements:  Fire Magic, Ice Magic, Air Magic and Earth Magic.
 f - the cursed amulet "Repose of the Welkin" (around neck) {Spirit, Fort, Range}
   (You took it off a goblin on level 2 of the Dungeon)

   [amulet of guardian spirit]

   It causes incoming damage to be divided between your reserves of health and
   magic.
   It has a curse which improves the following skills: Fortitude: Armour and
   Shields.
   Ranged Combat: Slings, Bows, Crossbows and Throwing.
 g - a ring of resist corrosion
 r - a ring of poison resistance
 J - an amulet of reflection
 R - a ring of wizardry
 U - a ring of flight
 V - a ring of willpower
 X - the ring "Oreoh" {Str+4 SInv}
   (You found it on level 12 of the Dungeon)

   [ring of see invisible]

   Str:       It affects your strength (+4).
   SInv:      It lets you see invisible.
Wands
 y - a wand of iceblast (32)
 A - a wand of mindburst (10)
 D - a wand of acid (9)
 K - a wand of flame (31)
 M - a wand of digging (13)
 O - a wand of charming (19)
 P - a wand of polymorph (24)
Scrolls
 a - a scroll of summoning
 i - a scroll of fog
 k - 5 scrolls of vulnerability
 l - 4 scrolls of teleportation {@r4}
 v - 4 scrolls of magic mapping
 B - 5 scrolls of immolation
 C - 2 scrolls of silence
 E - 6 scrolls of amnesia
 H - 4 scrolls of fear
 N - 2 scrolls of enchant weapon
 Q - 5 scrolls of enchant armour
 S - a scroll of brand weapon
 T - a scroll of blinking
Potions
 c - a potion of berserk rage
 e - a potion of magic
 h - a potion of might
 j - 6 potions of haste {@q3}
 o - 6 potions of ambrosia
 q - 7 potions of brilliance
 u - 8 potions of heal wounds {@q2}
 w - 3 potions of mutation
 x - 2 potions of flight
 z - 12 potions of curing {@q1}
 L - 2 potions of resistance
 Y - a potion of invisibility


   Skills:
 - Level 8.5(11.1) Fighting
 - Level 3.9(7.6) Dodging
 - Level 1.7(4.5) Stealth
 + Level 7.3(10.0) Shields
 + Level 9.5(12.0) Spellcasting
 - Level 11.0 Summonings
 + Level 9.1(12.9) Translocations
 - Level 14.4(18.0) Fire Magic
 - Level 13.0(16.6) Ice Magic
 - Level 1.8(3.7) Evocations


You had 5 spell levels left.
You knew the following spells:

 Your Spells              Type           Power      Damage    Failure   Level
a - Ignition              Fire           55%        3d15      12%         8
b - Malign Gateway        Summ/Tloc      46%        N/A       19%         7
c - Summon Ice Beast      Ice/Summ       98%        N/A       1%          4
d - Summon Lightning Spi  Summ/Air       67%        N/A       2%          4
e - Ozocubu's Refrigerat  Ice            53%        4d15      2%          7
f - Summon Small Mammal   Summ           100%       N/A       1%          1
g - Call Canine Familiar  Summ           89%        N/A       1%          3

Your spell library contained the following spells:

 Spells                   Type           Power      Damage    Failure   Level
 Frozen Ramparts          Ice            100%       1d12      0%          3
 Call Imp                 Summ           89%        N/A       1%          2
 Gell's Gravitas          Tloc           48%        N/A       1%          3
 Inner Flame              Hex/Fire       82%        N/A       1%          3
 Lesser Beckoning         Tloc           96%        N/A       1%          3
 Portal Projectile        Hex/Tloc       100%       N/A       1%          3
 Summon Guardian Golem    Hex/Summ       67%        N/A       1%          3
 Teleport Other           Tloc           96%        N/A       1%          3
 Ice Form                 Ice/Tmut       79%        N/A       1%          4
 Magic Dart               Conj           100%       1d8       2%          1
 Shock                    Conj/Air       100%       1d9       2%          1
 Sting                    Tmut/Pois      100%       1d8       2%          1
 Poisonous Vapours        Pois/Air       62%        N/A       3%          2
 Mephitic Cloud           Conj/Pois/Air  31%        N/A       7%          3
 Swiftness                Air            31%        N/A       7%          3
 Freezing Cloud           Conj/Ice/Air   33%        6-21      8%          5
 Airstrike                Air            15%        N/A       24%         4
 Cause Fear               Hex            15%        N/A       24%         4
 Leda's Liquefaction      Hex/Erth       15%        N/A       24%         4
 Olgreb's Toxic Radiance  Pois           31%        N/A       24%         4
 Blade Hands              Tmut           15%        N/A       54%         5
 Lee's Rapid Deconstruct  Erth           15%        3d11*     54%         5
 Excruciating Wounds      Necr           13%        N/A       63%         5
 Simulacrum               Ice/Necr       39%        N/A       16%         6
 Summon Horrible Things   Summ           44%        N/A       91%         8
 Polar Vortex             Ice            53%        N/A       97%         9
 Statue Form              Tmut/Erth      20%        N/A       98%         6
 Discord                  Hex            15%        N/A       100%        8


Dungeon Overview and Level Annotations

Branches:
Dungeon (15/15)            Temple (0/1) D:6            Lair (6/6) D:8
  Swamp (0/4) Lair:4       Spider (2/4) Lair:3        Slime (0/5) Lair:5
    Orc (2/2) D:10            Elf (0/3) Orc:2        Vaults (0/5) D:13
 Depths (0/5) D:15          Sewer (visited)

Altars:
Ashenzari
Gozag
Beogh
Jiyva

Shops:
D:6 !   D:11 [   D:12 *   D:14 (:!   Orc:1 (   Orc:2 (!:*

Portals:
Pandemonium: Orc:2
Trove: D:14 (give 7 scrolls of fog)

Annotations:
D:12 3 runed translucent doors, exclusion: obsidian statue, Spaninq's ghost, journeyman HuCA
Lair:1 2 runed translucent doors, Gurokim's ghost, novice TrBe
Lair:6 exclusion: obsidian statue


Innate Abilities, Weirdness & Mutations

You cannot drink.
You have claws for hands.
You are completely covered in sharp spines.
You are mostly covered in razor-sharp scales. (AC +2, Slay +2)


Message History

You hit the wolf spider but do no damage.
The wolf spider is severely wounded.
The wolf spider hits you. The wolf spider bites you.
You are poisoned.
The wolf spider poisons you!
You hit the wolf spider but do no damage.
The wolf spider is severely wounded.
You feel very sick.
The wolf spider hits you but does no damage.
The wolf spider closely misses you.
You feel very sick. The wolf spider hits you!
You block the wolf spider's attack.
You feel very sick.
You feel very sick. You block the wolf spider's attack.
The wolf spider bites you but does no damage.
Casting: Ozocubu's Refrigeration (dangerous; 2% risk of failure)
Confirm with . or Enter, or press ? or * to list all spells.
You feel a surge of power! A chill wind blows around you.
You feel very sick. The wolf spider hits you!
The wolf spider bites you but does no damage.
You feel sick. The wolf spider hits you!
* * * LOW HITPOINT WARNING * * *
The wolf spider bites you.
* * * LOW HITPOINT WARNING * * *
You are lethally poisoned!
The wolf spider poisons you! The wolf spider hits you!
* * * LOW HITPOINT WARNING * * *
You block the wolf spider's attack.
Your ice beast hits the wolf spider.
Your ice beast freezes the wolf spider!!
The wolf spider dies!
You cannot drink potions in your current state!
Okay, then.
Okay, then.
* * * LOW HITPOINT WARNING * * *
You feel extremely sick.
* * * LOW HITPOINT WARNING * * *
You feel extremely sick.
You die...

#.....#######.#...#.#.#.##...####
........#####.....##.#.#.#..#####
.........##.......#.######..#
.........#.................##
..........#.............[###
.........##.............####
#.........##.>.........######
##........##...Y......#.#########
###[......##....@....###.#####.##
####.##...##.......######.####.##
###...######.......#######......#
##..^..###..#..###.#######.####..
#.#^....^.#########..#####..#####
.###.....###########..###.#.####.
#.##.....#######.#.....^.###.###.
#.#.#....#######.#######....#.#..
##.......######.######.......#..#


You could see a friendly ice beast (summoned).

Vanquished Creatures
  Frances (D:12)
  Louise (Spider:1)
  A ghost moth (Spider:1)
  4 dire elephants (Lair:6)
  An ettin (Orc:1)
  2 fire dragons (D:15)
  Josephine (D:12)
  9 vault guards
  A catoblepas (D:14)
  3 boulder beetles
  8 hydras
  A two-headed ogre (shapeshifter) (D:15)
  2 tengu warriors
  5 centaur warriors
  A death yak (Lair:6)
  2 two-headed ogres
  6 orc high priests
  A sixfirhy (Orc:2)
  3 skeletal warriors (D:12)
  A glowing orange brain (D:15)
  A gelid demonspawn (Orc:2)
  An infernal demonspawn (Orc:2)
  A wizard (D:15)
  4 necromancers (Lair:6)
  7 orc knights
  2 deep elf pyromancers
  9 orc sorcerers
  4 orb spiders (Spider:1)
  11 wolf spiders
  A will-o-the-wisp (Lair:4)
  4 ugly things (D:14)
  A manticore (D:15)
  4 cyclopes
  Maurice (D:13)
  A rust devil (Orc:2)
  An elephant (shapeshifter) (D:15)
  21 elephants
  5 black mambas
  2 gargoyles
  9 komodo dragons
  12 cane toads
  An unseen horror (D:12)
  An efreet (D:13)
  5 yaktaurs (D:15)
  A rime drake (Lair:5)
  2 demonic crawlers (Spider:1)
  An ice devil (Orc:2)
  2 tengu conjurers
  12 jumping spiders (Spider:1)
  3 meliai (Spider:2)
  A troll (D:14)
  A hornet (shapeshifter) (D:14)
  A meliai zombie (D:11)
  9 blink frogs
  10 slime creatures
  21 redbacks (Spider:1)
  6 water elementals (D:15)
  A ynoxinul (Orc:2)
  6 tarantellas
  3 wraiths (D:12)
  3 wyverns
  28 yaks
  11 vampire mosquitoes
  A golden eye (shapeshifter) (D:13)
  3 basilisks
  A steam dragon (Lair:4)
  3 wargs
  6 water moccasins
  28 orc warriors
  A nameless horror (D:10)
  3 necrophages (D:11)
  31 wolves
  3 centaurs (D:15)
  7 ogres
  2 kobold brigands
  A phantom (D:4)
  8 bullfrogs
  2 scorpions
  2 gnoll sergeants
  2 wyvern skeletons
  3 killer bees (D:8)
  3 wights
  A howler monkey (D:4)
  4 electric eels
  21 orc priests
  A hound (D:7)
  4 centaur zombies
  A jelly (D:6)
  2 centaur skeletons
  5 iguanas
  2 hell rats (Lair:6)
  9 orc wizards
  A killer bee zombie (D:7)
  The ghost of pfft the Scratcher, a weakling FeTm (D:4)
  2 howler monkey zombies
  8 gnolls
  4 adders
  13 river rats
  A white imp (D:5)
  2 worms (D:2)
  48 orcs
  6 bats
  8 endoplasms
  5 giant cockroaches (D:6)
  6 goblins
  9 hobgoblins
  5 jackals
  12 kobolds
  7 quokkas
  4 ball pythons
  3 frilled lizards
  8 rats
  A bush (Lair:4)
599 creatures vanquished.

Vanquished Creatures (collateral kills)
  An emperor scorpion (Spider:1)
  3 hydras
  A two-headed ogre (D:9)
  A death yak (Lair:6)
  A skeletal warrior (D:12)
  A spectral death yak (Lair:6)
  A spectral anaconda (Lair:6)
  An orb spider (Spider:1)
  2 wolf spiders (Spider:1)
  A manticore (D:13)
  An elephant (Lair:6)
  3 cane toads
  4 demonic crawlers (Spider:1)
  2 polar bears
  A jumping spider (Spider:1)
  Grinder (D:6)
  3 blink frogs (Lair:1)
  A meliai zombie (D:11)
  A redback (Spider:1)
  A wyvern (D:8)
  A shadow (D:12)
  10 yaks
  A basilisk (D:13)
  A steam dragon (D:9)
  Menkaure (D:7)
  3 acid dragons (D:8)
  2 water moccasins
  2 black bears
  3 orc warriors
  2 necrophages
  An elephant zombie (Lair:6)
  A centaur (D:6)
  A kobold brigand (D:10)
  Blork the orc (D:6)
  5 bullfrogs
  5 killer bees (D:8)
  7 wights
  A centaur zombie (D:7)
  7 orc priests
  Crazy Yiuf (D:4)
  An iguana (D:5)
  6 orc wizards
  A killer bee zombie (D:7)
  A howler monkey zombie (D:6)
  Robin (D:3)
  An adder (D:4)
  3 gnolls (D:8)
  2 white imps (D:6)
  An adder skeleton (D:4)
  3 worms (D:2)
  A dart slug (D:3)
  21 orcs
  A giant cockroach (D:1)
  8 goblins
  5 hobgoblins
  6 jackals
  13 kobolds
  A quokka (D:2)
  3 bats (D:1)
  3 rats
169 creatures vanquished.

Vanquished Creatures (others)
  5 eldritch tentacles (Spider:1)
  69 fungi
  174 plants
  40 withered plants
288 creatures vanquished.

Grand Total: 1056 creatures vanquished

Notes
Turn   | Place    | Note
-------+----------+-------------------------------------------
     0 | D:1      | freelancePsychic the Demonspawn Summoner began the quest
                  | for the Orb.
     0 | D:1      | Reached XP level 1. HP: 13/13 MP: 3/3
   930 | D:1      | Gained mutation: You are partially covered in razor-sharp
                  | scales. (AC +1, Slay +1) [demonic ancestry]
   930 | D:1      | Reached XP level 2. HP: 7/20 MP: 1/5
  1196 | D:1      | Reached skill level 1 in Fighting
  2079 | D:2      | Gained mutation: You are partially covered in sharp spines.
                  | [demonic ancestry]
  2079 | D:2      | Reached XP level 3. HP: 20/26 MP: 1/6
  2823 | D:2      | Reached skill level 5 in Summonings
  2941 | D:2      | Learned a level 3 spell: Call Canine Familiar
  3244 | D:2      | Reached XP level 4. HP: 21/33 MP: 3/7
  3657 | D:3      | Noticed an ogre
  3742 | D:3      | Killed an ogre
  3743 | D:3      | Reached XP level 5. HP: 39/39 MP: 0/8
  3957 | D:3      | Noticed Robin
  3967 | D:3      | Killed Robin
  4520 | D:4      | Found a runed translucent door.
  4521 | D:4      | Noticed Crazy Yiuf
  4539 | D:4      | Killed Crazy Yiuf
  4745 | D:4      | Found a broken altar of Ashenzari.
  4774 | D:4      | Noticed a phantom
  4797 | D:4      | Killed a phantom
  4798 | D:4      | Gained mutation: You are mostly covered in razor-sharp
                  | scales. (AC +2, Slay +2) [demonic ancestry]
  4798 | D:4      | Reached XP level 6. HP: 31/47 MP: 1/10
  5041 | D:4      | Found a runed translucent door.
  5047 | D:4      | Noticed pfft's ghost (weakling FeTm)
  5302 | D:4      | Became a worshipper of Ashenzari the Shackled
  5392 | D:4      | Reached skill level 1 in Ice Magic
  5543 | D:4      | Gained mutation: You have sharp fingernails. [demonic
                  | ancestry]
  5543 | D:4      | Reached XP level 7. HP: 54/54 MP: 11/11
  5877 | D:4      | Killed pfft's ghost
  5964 | D:5      | Entered Level 5 of the Dungeon
  6450 | D:5      | Reached skill level 5 in Fighting
  6803 | D:6      | Noticed Blork the orc
  6980 | D:6      | Gained mutation: You are mostly covered in sharp spines.
                  | [demonic ancestry]
  6980 | D:6      | Reached XP level 8. HP: 61/64 MP: 5/12
  7016 | D:6      | Killed Blork the orc
  7017 | D:6      | Noticed Grinder
  7044 | D:6      | Killed Grinder
  7151 | D:6      | Reached skill level 5 in Ice Magic
  7217 | D:6      | Found a glowing drain.
  7230 | Sewer    | Entered a sewer
  7292 | Sewer    | Reached * piety under Ashenzari
  7586 | D:6      | Found Vuqerph's Distillery.
  7616 | D:6      | Identified a scroll of acquirement
  7693 | D:6      | Learned a level 4 spell: Summon Ice Beast
  7699 | D:6      | Found a staircase to the Ecumenical Temple.
  8076 | D:6      | Reached ** piety under Ashenzari
  8135 | D:7      | Noticed Menkaure
  8143 | D:7      | Killed Menkaure
  8144 | D:7      | Gained mutation: You have very sharp fingernails. [demonic
                  | ancestry]
  8144 | D:7      | Reached XP level 9. HP: 42/74 MP: 3/13
  9218 | D:8      | Found a staircase to the Lair.
  9314 | D:8      | Reached *** piety under Ashenzari
  9405 | D:8      | Learned a level 4 spell: Summon Lightning Spire
 10404 | D:8      | Acquired 874 gold pieces
 10581 | D:9      | Reached XP level 10. HP: 67/86 MP: 4/16
 10991 | D:9      | Reached skill level 1 in Evocations
 11104 | D:9      | Reached **** piety under Ashenzari
 11648 | D:9      | Noticed a two-headed ogre
 11659 | D:9      | Killed a two-headed ogre
 11660 | D:9      | Reached skill level 10 in Ice Magic
 11752 | D:10     | Entered Level 10 of the Dungeon
 12051 | D:10     | Found a staircase to the Orcish Mines.
 12449 | D:10     | Identified the +3 ring mail of Leaves {rC+ Str+2}
 12462 | D:10     | Noticed a two-headed ogre
 12464 | D:10     | Noticed a gargoyle
 12576 | Lair:1   | Entered Level 1 of the Lair of Beasts
 12585 | Lair:1   | Learned a level 7 spell: Ozocubu's Refrigeration
 12701 | Lair:1   | Reached XP level 11. HP: 70/92 MP: 8/20
 13306 | Lair:1   | Found a large runed translucent door.
 13622 | Lair:1   | Found a large runed translucent door.
 13623 | Lair:1   | Noticed Gurokim's ghost (novice TrBe)
 13623 | Lair:1   | Identified Viafoaco's Incunabulum of the Doomed Arsonist
 14437 | Lair:2   | Noticed a four-headed hydra
 14442 | Lair:2   | Killed a four-headed hydra
 14443 | Lair:2   | Reached skill level 5 in Spellcasting
 14803 | Lair:2   | Reached skill level 1 in Fire Magic
 14898 | Lair:2   | Reached skill level 2 in Fire Magic
 15037 | Lair:2   | Reached skill level 3 in Fire Magic
 15129 | Lair:2   | Noticed a four-headed hydra
 15133 | Lair:2   | Killed a four-headed hydra
 15134 | Lair:2   | Reached skill level 4 in Fire Magic
 15300 | Lair:2   | Reached skill level 5 in Fire Magic
 15390 | Lair:2   | Noticed a four-headed hydra
 15393 | Lair:2   | Killed a four-headed hydra
 15394 | Lair:2   | Gained mutation: You are completely covered in sharp
                  | spines. [demonic ancestry]
 15394 | Lair:2   | Reached XP level 12. HP: 99/99 MP: 2/24
 15652 | Lair:2   | Reached skill level 6 in Fire Magic
 16264 | Lair:3   | Identified the +0 ring mail "Puhowem" {Drain rF+ Str+8}
 16299 | Lair:3   | Reached skill level 7 in Fire Magic
 16574 | Lair:3   | Found a hole to the Spider Nest.
 16687 | Lair:3   | Reached skill level 8 in Fire Magic
 17207 | Lair:4   | Noticed an eight-headed hydra
 17211 | Lair:4   | Killed an eight-headed hydra
 17275 | Lair:4   | Reached skill level 9 in Fire Magic
 17879 | Lair:4   | Reached skill level 10 in Fire Magic
 17950 | Lair:4   | Found a staircase to the Swamp.
 18571 | Lair:4   | Reached XP level 13. HP: 105/105 MP: 18/26
 18994 | Lair:5   | Reached skill level 1 in Translocations
 18994 | Lair:5   | Reached skill level 11 in Fire Magic
 19856 | Lair:5   | Found a viscous altar of Jiyva.
 19857 | Lair:5   | Found a staircase to the Slime Pits.
 20218 | Lair:6   | Entered Level 6 of the Lair of Beasts
 20363 | Lair:6   | Reached ***** piety under Ashenzari
 21276 | Lair:6   | Noticed a dire elephant
 21278 | Lair:6   | Noticed a dire elephant
 21278 | Lair:6   | Noticed a dire elephant
 21278 | Lair:6   | Noticed a dire elephant
 21293 | Lair:6   | Killed a dire elephant
 21294 | Lair:6   | Reached skill level 5 in Translocations
 21485 | Lair:6   | Reached skill level 12 in Fire Magic
 21643 | Lair:6   | Identified Kikubaaqudgh's Handbook of Dark Magic
 21764 | Lair:6   | Killed a dire elephant
 22461 | Lair:6   | Killed a dire elephant
 22461 | Lair:6   | Killed a dire elephant
 22462 | Lair:6   | Reached XP level 14. HP: 113/113 MP: 0/28
 22963 | Orc:1    | Entered Level 1 of the Orcish Mines
 23280 | D:10     | Reached skill level 13 in Fire Magic
 23528 | Orc:1    | Found Gohanyo's Weapon Boutique.
 23863 | Orc:2    | Entered Level 2 of the Orcish Mines
 24337 | Orc:2    | Found Qukhiut Zey's Distillery.
 24339 | Orc:2    | Found Qukazin's General Store.
 24339 | Orc:2    | Found a staircase to the Elven Halls.
 24587 | Orc:2    | Learned a level 8 spell: Ignition
 24849 | Orc:2    | Bought a potion of resistance for 120 gold pieces
 25295 | Orc:2    | Paralysed by an orc sorcerer for 3 turns
 25648 | Orc:2    | Found Epurr's Book Emporium.
 25823 | Orc:2    | Found Zydov's Antique Weapon Shoppe.
 25934 | Orc:2    | Found a one-way gate leading to the halls of Pandemonium.
 27132 | D:11     | Found Basmo's Armour Emporium.
 28164 | D:12     | Identified the ring "Oreoh" {Str+4 SInv}
 28318 | D:12     | Noticed Josephine
 28327 | D:12     | Killed Josephine
 28328 | D:12     | Gained mutation: You have claws for hands. [demonic
                  | ancestry]
 28328 | D:12     | Reached XP level 15. HP: 96/118 MP: 10/31
 28639 | D:12     | Found a runed translucent gate.
 28639 | D:12     | Found a runed translucent gate.
 28639 | D:12     | Found a runed translucent gate.
 28640 | D:12     | Found an opulent altar of Gozag.
 28641 | D:12     | Noticed Spaninq's ghost (journeyman HuCA)
 28643 | D:12     | Found Bole Noe's Assorted Antiques.
 28757 | D:12     | Noticed Frances
 28761 | D:12     | Killed Frances
 28762 | D:12     | Reached skill level 1 in Shields
 29324 | D:13     | Noticed Maurice
 29327 | D:13     | Killed Maurice
 29465 | D:13     | Found a gate to the Vaults.
 29778 | D:13     | Learned a level 7 spell: Malign Gateway
 30631 | D:14     | Identified the +0 helmet "Suownoca" {rF++ Slay-5 Stlth+}
 30655 | D:14     | Found Olead's Distillery.
 30753 | D:14     | Found Xiuboh's Armour Shoppe.
 30791 | D:14     | Found Lotaom's Weapon Boutique.
 30794 | D:14     | Found Yrhiu's Book Boutique.
 30970 | D:14     | Reached skill level 14 in Fire Magic
 31647 | D:14     | Found a portal to a secret trove of treasure.
 31900 | D:15     | Entered Level 15 of the Dungeon
 33732 | D:15     | Found a staircase to the Depths.
 34309 | Spider:1 | Entered Level 1 of the Spider Nest
 34390 | Spider:1 | Reached skill level 5 in Shields
 34520 | Spider:1 | Noticed a ghost moth
 34532 | Spider:1 | Reached XP level 16. HP: 94/125 MP: 0/32
 34749 | Spider:1 | Noticed Louise
 34753 | Spider:1 | Killed Louise
 34754 | Spider:1 | Reached skill level 10 in Summonings
 35072 | Spider:1 | Found the +8 orange crystal plate armour {Archmagi, Int+3
                  | Clar}
 37111 | Spider:1 | HP: 6/125 [poisoned by a wolf spider]
 37112 | Spider:1 | Succumbed to a wolf spider's poison

Illustrated notes

Levels and vault maps discovered:
D:1:      lightli_arrival_maybe_door_vault, layout_basic, item_on_display_a
D:2:      layout_loops_cross, minmay_fractal_squares_5
D:3:      layout_loops_cross, uniq_robin
D:4:      layout_loops_ring, cheibrodos_ashenzari_chains, ebering_ghost_sewer_d,
          minmay_goblin_kobold_house, uniq_crazy_yiuf_cottage
D:5:      layout_basic, grunt_ministairs_13
D:6:      layout_cave_pools, temple_statues, serial_shops, shop,
          gup_sewer_entry_pipe, uniq_blork_the_orc, uniq_grinder
D:7:      layout_loops_ring, item_on_display_a, uniq_menkaure
D:8:      layout_gridville, dpeg_oklobed_lair
D:9:      layout_loops_corners
D:10:     layout_roguey, minmay_orc_entry_temple_small
D:11:     layout_gridville, serial_undead, serial_undead_c, serial_undead_e,
          serial_undead_f, serial_undead_d, serial_undead_c, serial_undead_a,
          serial_shops, kennysheep_mini, minmay_tree_intersection
D:12:     layout_basic, ebering_ghost_gozag, uniq_josephine, uniq_frances
D:13:     layout_basic, erik_vaults_2, kennysheep_path_1,
          kennysheep_small_circle, uniq_maurice
D:14:     layout_gridville, serial_shops,
          nicolae_shop_competitors_out_of_business, nicolae_shop_trees, shop,
          shop, serial_bayou_pond_e, enter_trove_5
D:15:     grunt_enter_depths_hoard, layout_basic, grunt_decor_cap, serial_bayou,
          serial_bayou_pond_b, serial_bayou_shore_b, serial_bayou_lake_a,
          serial_bayou_pond_d, minmay_misc_feat_square
Lair:1:   layout_cave_pods, ebering_ghost_disaster_area, grunt_megastairs_1
Lair:2:   layout_chaotic_city, chequers_serial_rivers_micro_a,
          serial_bayou_lagoon_a, lemuel_fruit_fields, grunt_megastairs_2,
          infiniplex_staircase_pool_2
Lair:3:   layout_loops_ring, spider_nest_entry_rubble, grunt_megastairs_4
Lair:4:   layout_roguey, minmay_swamp_entry_wisps, lemuel_fruit_tree
Lair:5:   layout_regular_city, dpeg_slime_entry_enclosed_altar
Lair:6:   due_jungle_book, layout_small_grid, kennysheep_rathole,
          serial_bayou_shore_a
Spider:1: layout_chambers, einodemon_crawler_minivault, uniq_louise
Spider:2: nicolae_spider_hilbert_zone_7 [nicolae_spider_hilbert_4_sides_1_open,
          nicolae_spider_hilbert_4_sides_1_open,
          nicolae_spider_hilbert_4_sides_1_open,
          nicolae_spider_hilbert_4_sides_1_open,
          nicolae_spider_hilbert_3_sides_1_open,
          nicolae_spider_hilbert_3_sides_1_open,
          nicolae_spider_hilbert_3_sides_1_open,
          nicolae_spider_hilbert_3_sides_1_open,
          nicolae_spider_hilbert_4_sides_1_open,
          nicolae_spider_hilbert_4_sides_1_open,
          nicolae_spider_hilbert_4_sides_1_open,
          nicolae_spider_hilbert_2_sides_1_open,
          nicolae_spider_hilbert_2_sides_1_open,
          nicolae_spider_hilbert_2_sides_1_open,
          nicolae_spider_hilbert_2_sides_1_open,
          nicolae_spider_hilbert_2_sides_1_open,
          nicolae_spider_hilbert_2_sides_1_open]
Orc:1:    layout_caves, serial_shops, shop
Orc:2:    pf_orc_diabolical, layout_caves, basic_altar

Skill      XL: |  1  2  3  4  5  6  7  8  9 10 11 12 13 14 15 16 |
---------------+-------------------------------------------------+-----
Fighting       | 1 2 3 4 5 7 8 |  8.5
Summonings     | 5 6 7 8 9 11 | 11.0
Spellcasting   | 3 4 5 6 7 9 |  9.5
Ice Magic      | 1 3 6 9 11 13 | 13.0
Evocations     | 1 |  1.8
Fire Magic     | 5 10 12 13 14 | 14.4
Translocations | 5 6 9 |  9.1
Dodging        | 3 |  3.9
Shields        | 5 7 |  7.3
Stealth        | |  1.7

Action                   |  1- 3 |  4- 6 |  7- 9 | 10-12 | 13-15 | 16-18 || total
-------------------------+-------+-------+-------+-------+-------+-------++-------
Melee: Unarmed           |    18 |       |       |       |       |       ||    18
       Dagger            |   140 |    92 |   288 |   156 |   209 |    55 ||   940
 Cast: Summon Small Mamm |    47 |     9 |     9 |       |     2 |       ||    67
       Call Canine Famil |       |    16 |    26 |     6 |     6 |       ||    54
       Summon Ice Beast  |       |       |    18 |    24 |    11 |     2 ||    55
       Summon Lightning  |       |       |     6 |    18 |    10 |     1 ||    35
       Ozocubu's Refrige |       |       |       |    66 |   194 |    30 ||   290
       Ignition          |       |       |       |       |    21 |     6 ||    27
       Malign Gateway    |       |       |       |       |       |     5 ||     5
Invok: Curse Item        |       |       |     5 |     2 |     2 |       ||     9
       Shatter the Chain |       |       |       |       |     1 |       ||     1
Evoke: Wand              |       |       |       |       |     7 |     1 ||     8
  Use: Scroll            |     1 |     5 |     1 |     1 |     4 |       ||    12
       Potion            |       |       |       |     3 |       |       ||     3
 Stab: Sleeping          |     3 |     5 |       |     3 |       |     1 ||    12
       Distracted        |     1 |       |     2 |     1 |     4 |       ||     8
Armor: Robe              |    36 |    23 |   107 |    54 |   110 |    54 ||   384
Dodge: Dodged            |   119 |    49 |   151 |    80 |   177 |    71 ||   647
Block: Buckler           |       |       |       |       |    18 |    38 ||    56

Table legend: (Time is in decaauts)
 A = Elapsed time spent in this place.
 B = Non-inter-level travel time spent in this place.
 C = Inter-level travel time spent in this place.
 D = Time resting spent in this place.
 E = Time spent auto-exploring this place.
 F = Levels seen in this place.
 G = Mean time per level.
                   A        B        C        D        E       F      G
               +--------+--------+--------+--------+--------+-----+--------+
         Total |  37016 |  35558 |   1458 |   3219 |  27603 |  26 | 1423.7 |
       Dungeon |  20674 |  19725 |    949 |   2140 |  14901 |  15 | 1378.3 |
          Lair |  10452 |  10030 |    422 |    542 |   8470 |   6 | 1742.0 |
   Spider Nest |   2724 |   2706 |     18 |    197 |   2100 |   2 | 1362.0 |
  Orcish Mines |   2988 |   2920 |     68 |    340 |   1998 |   2 | 1494.0 |
         Sewer |    177 |    177 |      0 |      0 |    133 |   1 |  177.0 |
               +--------+--------+--------+--------+--------+-----+--------+

Top non-repeatable levels by time:
Spider:1: 2711 daAuts
  Lair:6: 2590 daAuts
   Orc:2: 2474 daAuts
     D:1: 2187 daAuts
    D:14: 2027 daAuts
  Lair:1: 2015 daAuts
  Lair:2: 1822 daAuts
  Lair:4: 1683 daAuts
    D:15: 1492 daAuts
     D:8: 1473 daAuts
    D:10: 1463 daAuts
     D:4: 1444 daAuts
    D:12: 1426 daAuts
     D:2: 1348 daAuts
    D:13: 1344 daAuts
